[ AOE2 MATCH · #506536296 ]
UnrankedLithuanians vs Britons
Rival team · LOSS
[ REPLAY ANALYSIS · EXTRACTED FROM THE RECORDED GAME ]
Feudal
11:25
Castle
22:59
Imperial
—
| APM avg | 81.0 |
| APM peak | 145 |
| eAPM avg | 28.9 |
| Villagers / military | 97 / 63 |
Focus
⚔️ 25.0% · 🌾 75.0%
Scout Cavalry ×21 · Knight ×20 · Skirmisher ×9 · Militia ×8 · Mangonel ×2 · Battering Ram ×2
Feudal
13:03
Castle
21:28
Imperial
—
| APM avg | 95.3 |
| APM peak | 148 |
| eAPM avg | 58.1 |
| Villagers / military | 88 / 102 |
Focus
⚔️ 61.5% · 🌾 38.5%
Archer ×84 · Monk ×6 · Spearman ×6 · Skirmisher ×4 · Mangonel ×2
Match map
Initial resources + every placement click. Lines = walls · curves = elevation contours. ◆ gold · ⬟ stone · ● berries · ✦ relic · ◌ wall gap
Your base· ✓ Closed at 22:59 · 45t walls · no gate
hk | DedeadorBoing's base· ✓ Closed at 21:28 · 76t walls · no gate
Smoothed initial terrain · ◌ = detected wall gap · hover for details
Inputs per minute
— Gil-galad - - hk | DedeadorBoing
Build order — Gil-galad
First 150 of 276 actions detected
| 0:00 | Create | Villager (Male) |
| 0:00 | Create | Villager (Male) |
| 0:01 | Create | Villager (Male) |
| 0:02 | Build | House |
| 0:02 | Build | House |
| 0:11 | Create | Villager (Male) |
| 0:11 | Create | Villager (Male) |
| 0:12 | Create | Villager (Male) |
| 0:54 | Build | Lumber Camp |
| 1:30 | Create | Villager (Male) |
| 2:09 | Create | Villager (Male) |
| 2:09 | Create | Villager (Male) |
| 2:49 | Create | Villager (Male) |
| 3:26 | Create | Villager (Male) |
| 3:26 | Create | Villager (Male) |
| 3:28 | Build | House |
| 3:43 | Create | Villager (Male) |
| 3:57 | Build | Barracks |
| 4:31 | Build | House |
| 4:37 | Create | Villager (Male) |
| 4:37 | Create | Villager (Male) |
| 4:37 | Create | Villager (Male) |
| 4:54 | Create | Militia |
| 4:54 | Create | Militia |
| 5:14 | Create | Militia |
| 5:15 | Create | Villager (Male) |
| 5:45 | Build | Mill |
| 5:47 | Create | Villager (Male) |
| 5:56 | Create | Militia |
| 5:57 | Create | Militia |
| 6:02 | Build | House |
| 6:22 | Create | Villager (Male) |
| 6:22 | Create | Villager (Male) |
| 6:55 | Create | Villager (Male) |
| 6:58 | Build | Mill |
| 7:35 | Create | Villager (Male) |
| 7:46 | Create | Villager (Male) |
| 8:06 | Create | Villager (Male) |
| 8:46 | Research | Loom |
| 9:06 | Research | Feudal Age |
| 9:08 | Build | Lumber Camp |
| 9:48 | Create | Villager (Male) |
| 9:58 | Build | Mining Camp |
| 10:49 | Create | Militia |
| 10:55 | Create | Villager (Male) |
| 11:01 | Build | Palisade Wall |
| 11:13 | Create | Militia |
| 11:17 | Build | House |
| 11:25 | Age | Feudal Age |
| 11:35 | Create | Militia |
| 11:36 | Create | Villager (Male) |
| 11:38 | Research | Horse Collar |
| 11:40 | Research | Double-Bit Axe |
| 11:44 | Build | Archery Range |
| 11:58 | Create | Villager (Male) |
| 12:17 | Research | Man-at-Arms (upgrade) |
| 12:23 | Build | Farm |
| 12:24 | Build | Farm |
| 12:27 | Build | Farm |
| 12:34 | Create | Villager (Male) |
| 12:42 | Create | Archer |
| 12:48 | Create | Villager (Male) |
| 12:52 | Build | Farm |
| 12:53 | Build | Farm |
| 13:04 | Build | House |
| 13:08 | Research | Arson |
| 13:14 | Build | Farm |
| 13:16 | Create | Villager (Male) |
| 13:16 | Create | Villager (Male) |
| 13:24 | Create | Skirmisher |
| 13:33 | Build | House |
| 13:38 | Build | Palisade Wall |
| 13:44 | Create | Villager (Male) |
| 13:52 | Create | Skirmisher |
| 14:20 | Create | Skirmisher |
| 14:21 | Create | Villager (Male) |
| 14:34 | Build | Blacksmith |
| 14:42 | Create | Villager (Male) |
| 14:46 | Create | Skirmisher |
| 15:07 | Create | Villager (Male) |
| 15:08 | Create | Skirmisher |
| 15:10 | Build | Farm |
| 15:28 | Research | Fletching |
| 15:41 | Create | Villager (Male) |
| 15:55 | Create | Skirmisher |
| 15:55 | Create | Villager (Male) |
| 15:58 | Build | Farm |
| 15:58 | Build | Farm |
| 15:58 | Build | Farm |
| 15:58 | Build | Farm |
| 15:59 | Build | Farm |
| 16:04 | Create | Skirmisher |
| 16:13 | Build | House |
| 16:17 | Build | House |
| 16:28 | Build | Farm |
| 16:31 | Build | Farm |
| 17:01 | Create | Villager (Male) |
| 17:28 | Create | Villager (Male) |
| 17:29 | Create | Skirmisher |
| 17:30 | Build | House |
| 17:32 | Build | Farm |
| 17:33 | Build | Farm |
| 17:35 | Build | Farm |
| 17:53 | Create | Villager (Male) |
| 17:55 | Build | Farm |
| 17:56 | Build | Farm |
| 17:58 | Build | House |
| 18:00 | Build | Palisade Wall |
| 18:18 | Create | Villager (Male) |
| 18:19 | Create | Skirmisher |
| 18:20 | Build | Farm |
| 18:23 | Build | Palisade Gate |
| 18:25 | Build | Palisade Wall |
| 18:29 | Build | Farm |
| 18:34 | Build | Palisade Wall |
| 18:35 | Build | Palisade Wall |
| 18:37 | Build | Palisade Wall |
| 18:48 | Create | Villager (Male) |
| 19:14 | Create | Villager (Male) |
| 19:18 | Build | Farm |
| 19:20 | Build | Farm |
| 19:23 | Build | Mill |
| 19:26 | Create | Villager (Male) |
| 20:17 | Create | Villager (Male) |
| 20:19 | Research | Castle Age |
| 20:23 | Build | Farm |
| 20:27 | Build | Lumber Camp |
| 20:31 | Build | Lumber Camp |
| 20:44 | Build | Stable |
| 20:47 | Research | Scale Barding Armor |
| 21:15 | Create | Villager (Male) |
| 21:19 | Build | Stable |
| 21:41 | Research | Bloodlines |
| 21:46 | Research | Gold Mining |
| 21:56 | Build | Palisade Wall |
| 22:07 | Create | Scout Cavalry |
| 22:14 | Research | Forging |
| 22:37 | Create | Scout Cavalry |
| 22:49 | Build | Palisade Wall |
| 22:56 | Create | Scout Cavalry |
| 22:59 | Age | Castle Age |
| 23:04 | Create | Villager (Male) |
| 23:09 | Build | Siege Workshop |
| 23:13 | Research | Light Cavalry (upgrade) |
| 23:14 | Create | Scout Cavalry |
| 23:26 | Build | Mining Camp |
| 23:29 | Create | Scout Cavalry |
| 23:29 | Create | Villager (Male) |
| 23:47 | Create | Mangonel |
| 24:00 | Create | Scout Cavalry |
Build order — hk | DedeadorBoing
First 150 of 335 actions detected
| 0:00 | Create | Villager (Male) |
| 0:01 | Build | House |
| 0:02 | Build | House |
| 0:10 | Create | Villager (Male) |
| 0:10 | Create | Villager (Male) |
| 0:10 | Create | Villager (Male) |
| 1:22 | Create | Villager (Male) |
| 1:50 | Create | Villager (Male) |
| 1:56 | Build | Lumber Camp |
| 2:02 | Create | Villager (Male) |
| 2:32 | Create | Villager (Male) |
| 2:32 | Create | Villager (Male) |
| 3:00 | Create | Villager (Male) |
| 3:17 | Create | Villager (Male) |
| 3:46 | Create | Villager (Male) |
| 3:47 | Build | House |
| 4:00 | Build | House |
| 4:17 | Build | House |
| 4:17 | Build | House |
| 4:19 | Build | Palisade Wall |
| 4:24 | Create | Villager (Male) |
| 4:33 | Create | Villager (Male) |
| 4:57 | Create | Villager (Male) |
| 5:15 | Build | Palisade Wall |
| 5:21 | Build | Palisade Wall |
| 5:22 | Build | Palisade Wall |
| 5:26 | Build | Palisade Wall |
| 5:27 | Build | Palisade Wall |
| 5:28 | Build | Palisade Wall |
| 5:29 | Create | Villager (Male) |
| 5:51 | Create | Villager (Male) |
| 5:56 | Build | Mill |
| 6:14 | Build | House |
| 6:18 | Build | Palisade Wall |
| 6:24 | Build | House |
| 6:26 | Build | Palisade Wall |
| 6:32 | Build | Palisade Wall |
| 6:33 | Build | Palisade Wall |
| 6:36 | Create | Villager (Male) |
| 6:58 | Create | Villager (Male) |
| 7:25 | Create | Villager (Male) |
| 7:30 | Research | Loom |
| 7:30 | Research | Loom |
| 7:31 | Research | Loom |
| 7:53 | Build | Palisade Wall |
| 7:53 | Build | Palisade Wall |
| 7:57 | Create | Villager (Male) |
| 8:05 | Build | Mill |
| 8:23 | Create | Villager (Male) |
| 8:47 | Create | Villager (Male) |
| 8:56 | Create | Villager (Male) |
| 8:58 | Build | Palisade Wall |
| 8:59 | Create | Villager (Male) |
| 9:11 | Build | Farm |
| 9:14 | Build | House |
| 9:15 | Build | Palisade Wall |
| 9:33 | Build | Farm |
| 9:38 | Create | Villager (Male) |
| 9:48 | Build | Palisade Wall |
| 10:00 | Build | House |
| 10:02 | Build | House |
| 10:06 | Create | Villager (Male) |
| 10:27 | Research | Feudal Age |
| 10:40 | Build | Mining Camp |
| 11:18 | Build | Farm |
| 12:03 | Build | Barracks |
| 12:21 | Create | Villager (Male) |
| 12:21 | Create | Villager (Male) |
| 12:48 | Build | Palisade Wall |
| 12:52 | Build | House |
| 13:03 | Age | Feudal Age |
| 13:09 | Build | Archery Range |
| 13:28 | Build | Blacksmith |
| 13:51 | Create | Villager (Male) |
| 13:55 | Build | Farm |
| 14:04 | Create | Archer |
| 14:20 | Build | Farm |
| 14:42 | Create | Archer |
| 14:49 | Create | Villager (Male) |
| 14:51 | Build | Farm |
| 15:04 | Build | Watch Tower |
| 15:09 | Create | Villager (Male) |
| 15:10 | Build | House |
| 15:12 | Build | House |
| 15:13 | Build | House |
| 15:14 | Create | Villager (Male) |
| 15:22 | Create | Archer |
| 15:23 | Create | Villager (Male) |
| 15:55 | Build | Farm |
| 16:07 | Create | Skirmisher |
| 16:08 | Create | Villager (Male) |
| 16:22 | Research | Fletching |
| 16:28 | Build | Archery Range |
| 16:38 | Create | Villager (Male) |
| 16:40 | Create | Skirmisher |
| 16:59 | Create | Villager (Male) |
| 17:01 | Create | Archer |
| 17:09 | Create | Skirmisher |
| 17:13 | Create | Skirmisher |
| 17:32 | Create | Archer |
| 17:42 | Create | Archer |
| 17:42 | Create | Archer |
| 17:43 | Create | Villager (Male) |
| 17:53 | Build | Farm |
| 18:30 | Build | Farm |
| 18:48 | Research | Castle Age |
| 18:48 | Research | Castle Age |
| 19:03 | Create | Villager (Male) |
| 19:11 | Create | Archer |
| 19:24 | Build | Lumber Camp |
| 19:38 | Create | Archer |
| 19:38 | Create | Archer |
| 19:56 | Create | Archer |
| 19:57 | Create | Archer |
| 20:00 | Create | Villager (Male) |
| 20:11 | Create | Archer |
| 20:20 | Build | Farm |
| 20:28 | Create | Archer |
| 20:32 | Build | Farm |
| 20:47 | Create | Archer |
| 21:10 | Create | Villager (Male) |
| 21:14 | Create | Archer |
| 21:24 | Build | House |
| 21:28 | Age | Castle Age |
| 21:36 | Research | Crossbowman (upgrade) |
| 21:42 | Build | Palisade Gate |
| 21:43 | Build | Palisade Wall |
| 21:43 | Build | Palisade Wall |
| 21:52 | Build | Mining Camp |
| 21:53 | Create | Villager (Male) |
| 22:05 | Research | Bodkin Arrow |
| 22:06 | Research | Padded Archer Armor |
| 22:07 | Research | Padded Archer Armor |
| 22:26 | Create | Villager (Male) |
| 22:29 | Build | Siege Workshop |
| 22:33 | Create | Archer |
| 22:33 | Create | Archer |
| 22:52 | Create | Villager (Male) |
| 23:05 | Create | Archer |
| 23:05 | Create | Archer |
| 23:05 | Create | Villager (Male) |
| 23:10 | Build | Monastery |
| 23:15 | Create | Archer |
| 23:15 | Create | Archer |
| 23:16 | Create | Archer |
| 23:21 | Build | Farm |
| 23:34 | Create | Archer |
| 23:34 | Create | Archer |
| 23:35 | Create | Spearman |
| 23:35 | Create | Spearman |
Match timeline
| 3:57 | Gil-galad · first_building Barracks |
| 4:19 | hk | DedeadorBoing · wall_segment Palisade Wall x5 |
| 5:15 | hk | DedeadorBoing · wall_segment Palisade Wall x5 |
| 5:21 | hk | DedeadorBoing · wall_segment Palisade Wall x1 |
| 5:22 | hk | DedeadorBoing · wall_segment Palisade Wall x1 |
| 5:26 | hk | DedeadorBoing · wall_segment Palisade Wall x5 |
| 5:27 | hk | DedeadorBoing · wall_segment Palisade Wall x7 |
| 5:28 | hk | DedeadorBoing · wall_segment Palisade Wall x6 |
| 6:18 | hk | DedeadorBoing · wall_segment Palisade Wall x16 |
| 6:26 | hk | DedeadorBoing · wall_segment Palisade Wall x1 |
| 6:32 | hk | DedeadorBoing · wall_segment Palisade Wall x2 |
| 6:33 | hk | DedeadorBoing · wall_segment Palisade Wall x13 |
| 7:53 | hk | DedeadorBoing · wall_segment Palisade Wall x1 |
| 7:53 | hk | DedeadorBoing · wall_segment Palisade Wall x1 |
| 8:58 | hk | DedeadorBoing · wall_segment Palisade Wall x13 |
| 9:15 | hk | DedeadorBoing · wall_segment Palisade Wall x4 |
| 9:48 | hk | DedeadorBoing · wall_segment Palisade Wall x1 |
| 11:01 | Gil-galad · wall_segment Palisade Wall x7 |
| 11:25 | Gil-galad · age_up feudal |
| 11:44 | Gil-galad · first_building Archery Range |
| 12:03 | hk | DedeadorBoing · first_building Barracks |
| 12:48 | hk | DedeadorBoing · wall_segment Palisade Wall x2 |
| 13:03 | hk | DedeadorBoing · age_up feudal |
| 13:09 | hk | DedeadorBoing · first_building Archery Range |
| 13:38 | Gil-galad · wall_segment Palisade Wall x16 |
| 18:00 | Gil-galad · wall_segment Palisade Wall x1 |
| 18:25 | Gil-galad · wall_segment Palisade Wall x5 |
| 18:34 | Gil-galad · wall_segment Palisade Wall x3 |
| 18:35 | Gil-galad · wall_segment Palisade Wall x3 |
| 18:37 | Gil-galad · wall_segment Palisade Wall x5 |
| 20:44 | Gil-galad · first_building Stable |
| 21:28 | hk | DedeadorBoing · age_up castle |
| 21:43 | hk | DedeadorBoing · wall_segment Palisade Wall x3 |
| 21:43 | hk | DedeadorBoing · wall_segment Palisade Wall x1 |
| 21:56 | Gil-galad · wall_segment Palisade Wall x1 |
| 22:29 | hk | DedeadorBoing · first_building Siege Workshop |
| 22:49 | Gil-galad · wall_segment Palisade Wall x5 |
| 22:59 | Gil-galad · age_up castle |
| 23:09 | Gil-galad · first_building Siege Workshop |
| 23:10 | hk | DedeadorBoing · first_building Monastery |
| 24:10 | hk | DedeadorBoing · wall_segment Palisade Wall x1 |
| 24:11 | hk | DedeadorBoing · wall_segment Palisade Wall x1 |
| 24:12 | hk | DedeadorBoing · wall_segment Palisade Wall x1 |
| 24:22 | hk | DedeadorBoing · wall_segment Palisade Wall x3 |
| 26:18 | hk | DedeadorBoing · wall_segment Palisade Wall x1 |
| 26:38 | Gil-galad · first_building Castle |
| 27:12 | Gil-galad · first_market_sell 100 wood |
| 29:21 | hk | DedeadorBoing · wall_segment Palisade Wall x1 |
| 29:22 | hk | DedeadorBoing · wall_segment Palisade Wall x1 |
| 32:02 | hk | DedeadorBoing · wall_segment Stone Wall x1 |
| 34:26 | Gil-galad · first_market_buy 100 wood |
| 35:34 | hk | DedeadorBoing · wall_segment Palisade Wall x1 |
| 35:53 | Gil-galad · first_building Monastery |
| 36:16 | hk | DedeadorBoing · wall_segment Palisade Wall x1 |
| 36:23 | hk | DedeadorBoing · wall_segment Palisade Wall x1 |
| 36:25 | hk | DedeadorBoing · wall_segment Palisade Wall x1 |
| 36:57 | hk | DedeadorBoing · wall_segment Palisade Wall x1 |
| 37:04 | hk | DedeadorBoing · resign |
[ AI ANALYSIS · 1 CREDIT ]
What really happened in this match?
Wolo.gg analyzes every decision: build order, eco, micro, common mistakes by bracket. Personalized analysis on WhatsApp or Discord in 30 seconds.
Civ guide
Lithuanians
Perfil
Jugador #322559